 Dungeon Crawl Stone Soup version 0.17-a0-1900-g45e8110 (webtiles) character file.

43 derrpe the Firebug (level 3, -3/33 HPs)
             Began as an Ogre Fire Elementalist on Sept 24, 2015.
             Slain by an adder (4 damage)
             ... on level 2 of the Dungeon.
             The game lasted 00:01:47 (1512 turns).

derrpe the Firebug (Ogre Fire Elementalist)         Turns: 1512, Time: 00:01:48

Health: -3/33      AC:  3    Str: 13    XL:     3   Next: 58%
Magic:  0/6        EV: 10    Int: 15    God:
Gold:   58         SH:  0    Dex: 10    Spells: 1 memorised, 5 levels left

rFire  . . .     SeeInvis .     e - +0 spear
rCold  . . .     Clarity  .     a - +0 robe
rNeg   . . .     SustAt   .     (no shield)
rPois  .         Gourm    .     (helmet restricted)
rElec  .         Spirit   .     (no cloak)
rCorr  .         Warding  .     (gloves unavailable)
rMut   .         Stasis   .     (boots unavailable)
MR     .....                    (no amulet)
Stlth  +.........               (no ring)
                                (no ring)

@: lethally poisoned (-3 -> -16), very slightly contaminated, not resistant to
hostile enchantments, very unstealthy
A: unfitting armour, tough skin 1
a: no special abilities


You were on level 2 of the Dungeon.
You were not hungry.

You visited 1 branch of the dungeon, and saw 2 of its levels.

You collected 58 gold pieces.

Inventory:

Hand weapons
 e - a +0 spear (weapon)
Armour
 a - a +0 robe (worn)
Scrolls
 i - a scroll of enchant armour {unknown}
 l - a scroll of teleportation {unknown}
 m - a scroll of remove curse {unknown}
Potions
 d - 2 potions of heal wounds {unknown}
 f - 2 potions of magic {unknown}
 g - 2 potions of curing {unknown}
 h - a potion of haste {unknown}
 n - a potion of might {unknown}
Books
 b - a book of Flames

   Spells                             Type                      Level
   a - Flame Tongue                   Conjuration/Fire             1
   b - Throw Flame                    Conjuration/Fire             2
   c - Conjure Flame                  Conjuration/Fire             3
   d - Inner Flame                    Hexes/Fire                   3
   e - Sticky Flame                   Conjuration/Fire             4
   f - Fireball                       Conjuration/Fire             5
Comestibles
 c - 3 bread rations {@e1}
 j - a chunk of flesh {@w0}
 k - a meat ration {@e2}


   Skills:
 + Level 1.0 Fighting
 - Level 1.7 Dodging
 - Level 1.5 Stealth
 - Level 2.4 Spellcasting
 * Level 1.8 Conjurations
 * Level 2.6 Fire Magic


You had 5 spell levels left.
You knew the following spells:

 Your Spells              Type           Power        Failure   Level  Hunger
a - Flame Tongue          Conj/Fire      #....        12%         1    #......


Dungeon Overview and Level Annotations

Branches:
Dungeon (2/15)

Altars:


Innate Abilities, Weirdness & Mutations

You are too large for most types of armour.
You have tough skin (AC +1).


Message History

The adder poisons you!
You closely miss the adder.
The adder is severely wounded.
You feel sick. The adder misses you. The adder misses you.
You completely miss the adder.
The adder is severely wounded.
* * * LOW HITPOINT WARNING * * *
You feel sick. The adder bites you.
* * * LOW HITPOINT WARNING * * *
Casting: Flame Tongue
Confirm with . or Enter, or press ? or * to list all spells.
You don't have enough magic to cast that spell.
You barely miss the adder.
The adder is heavily wounded.
* * * LOW HITPOINT WARNING * * *
You feel sick. The adder bites you.
* * * LOW HITPOINT WARNING * * *
You are more poisoned.
The adder poisons you! The adder bites you.
You die...

### ## ?. .# #.
#.# #.##.###
#......#
#####......####
#......S...$..#
...##..@...# #
.........?.##.#
?..####.....#.#
# #####.......#
............#
#####......##
#.....##
#..#.## #..#.#


You could see an adder.

Vanquished Creatures
  Natasha (D:2)
  A worm (D:2)
  A giant gecko (D:1)
  2 giant cockroaches (D:1)
  2 goblins (D:1)
  A bat (D:2)
  4 giant newts
  A kobold (D:2)
  4 rats
17 creatures vanquished.

Notes
Turn   | Place    | Note
--------------------------------------------------------------
     0 | D:1      | derrpe the Ogre Fire Elementalist began the quest for the Orb.
     0 | D:1      | Reached XP level 1. HP: 16/16 MP: 3/3
   370 | D:1      | Reached skill level 1 in Conjurations
   479 | D:1      | Reached XP level 2. HP: 24/24 MP: 3/5
  1138 | D:2      | Noticed Natasha
  1147 | D:2      | Killed Natasha
  1147 | D:2      | Reached skill level 1 in Fighting
  1147 | D:2      | Reached XP level 3. HP: 2/33 MP: 0/6
  1147 | D:2      | HP: 1/33 [giant newt (1)]
  1512 | D:2      | HP: 1/33 [adder (3)]
  1512 | D:2      | Slain by an adder

Vault maps used:
D:1:      dpeg_arrival_simpleton_b, serial_bayou_lake_a
D:2:      nicolae_qazlal_general_emergency, uniq_terence, uniq_natasha,
          uniq_crazy_yiuf_cottage, uniq_robin

Action                   || total
-------------------------++-------
Melee: Spear             ||    42
 Cast: Flame Tongue      ||    28
  Eat: Chunk             ||     2
